 Dungeon Crawl Stone Soup version 0.30-a0-672-gc3a7216ad8 (webtiles) character file.

Game seed: 12833608409987130996

55503 flotson the Fighter (level 14, -5/103 HPs)
             Began as a Demonspawn Delver on Jan 18, 2023.
             Was a High Priest of Hepliaklqana.
             Slain by Newt's ghost (7 damage)
             ... on level 4 of the Lair of Beasts.
             The game lasted 00:27:07 (14199 turns).

flotson the Fighter (Demonspawn Delver)            Turns: 14199, Time: 00:27:07

Health: -5/103     AC: 11    Str: 20    XL:     14   Next: 38%
Magic:  0/20       EV: 22    Int: 13    God:    Hepliaklqana [*****.]
Gold:   1187       SH:  0    Dex: 18    Spells: 13/13 levels left

rFire   + + .      SeeInvis .    a - +6 shillelagh "Devastator" {shatter}
rCold   + + +      Faith    .    (no shield)
rNeg    + . .      Spirit   +    i - +1 leather armour of Card Tricks {rElec rPois rC+ Str+3}
rPois   +          Reflect  .    C - +1 helmet of Voshrast {rF+ rC+ rN+ Slay+2}
rElec   +          Harm     .    (cloak unavailable)
rCorr   .          Rampage  .    P - +0 pair of gloves of Lust {rC++ Dex+4}
Will    +....                    Z - +0 pair of boots {Fly}
Stlth   +++                      X - amulet of guardian spirit
HPRegen 0.37/turn                p - +5 ring of evasion
MPRegen 0.34/turn                u - ring of protection from fire

@: about to teleport, flying
A: reduced essence, rugged brown scales 1, powered by death 2, magic
regeneration, weakness stinger 3
a: Renounce Religion, Recall Ancestor, Ancestor Identity, Transference, Idealise


You were on level 4 of the Lair of Beasts.
You worshipped Hepliaklqana.
Hepliaklqana was extremely pleased with you.
You visited 3 branches of the dungeon, and saw 16 of its levels.

You collected 1187 gold pieces.

Inventory:

Hand Weapons
 a - the +6 shillelagh "Devastator" (weapon) {shatter}
   (You found it on level 2 of the Dungeon)
 n - a +4 scimitar of flaming
Missiles
 f - 6 javelins
 h - 10 boomerangs (quivered)
 J - 48 poisoned darts
 W - 3 atropa-tipped darts
 Y - 2 curare-tipped darts
Armour
 i - the +1 leather armour of Card Tricks (worn) {rElec rPois rC+ Str+3}
   (You found it on level 3 of the Dungeon)

   Str:       It affects your strength (+3).
   rC:        It protects you from cold.
   rElec:     It insulates you from electricity.
   rPois:     It protects you from poison.
 C - the +1 helmet of Voshrast (worn) {rF+ rC+ rN+ Slay+2}
   (You took it off Robin on level 4 of the Dungeon)

   Slay:      It affects your accuracy & damage with ranged weapons and melee
   (+2).
   rF:        It protects you from fire.
   rC:        It protects you from cold.
   rN:        It protects you from negative energy.
 P - the +0 pair of gloves of Lust (worn) {rC++ Dex+4}
   (You found it on level 8 of the Dungeon)

   Dex:       It affects your dexterity (+4).
   rC:        It greatly protects you from cold.
 Z - a +0 pair of boots of flying (worn)
Jewellery
 p - a +5 ring of evasion (left hand)
 u - a ring of protection from fire (right hand)
 X - an amulet of guardian spirit (around neck)
Wands
 g - a wand of digging (8)
 y - a wand of iceblast (26)
 L - a wand of mindburst (22)
 O - a wand of charming (13)
 Q - a wand of flame (19)
Scrolls
 c - 2 scrolls of fog
 d - 3 scrolls of magic mapping
 e - 2 scrolls of fear
 m - 3 scrolls of immolation {unknown}
 o - a scroll of blinking {unknown}
 r - a scroll of brand weapon {unknown}
 s - 3 scrolls of teleportation
 v - 2 scrolls of amnesia {unknown}
 x - 2 scrolls of enchant weapon {unknown}
 B - 3 scrolls of silence {unknown}
 G - 3 scrolls of poison {unknown}
 H - 2 scrolls of enchant armour {unknown}
 K - a scroll of vulnerability {unknown}
 N - a scroll of torment {unknown}
 R - a scroll of acquirement {unknown}
 U - a scroll of summoning {unknown}
Potions
 b - 3 potions of flight
 j - 5 potions of curing
 k - 2 potions of attraction
 l - 3 potions of lignification
 t - 3 potions of cancellation
 w - 4 potions of heal wounds
 z - 2 potions of mutation
 A - 3 potions of berserk rage
 D - 4 potions of might {unknown}
 E - a potion of magic {unknown}
 I - 2 potions of brilliance {unknown}
 M - a potion of haste
 V - a potion of invisibility {unknown}
Miscellaneous
 q - a box of beasts
 T - a condenser vane


   Skills:
 + Level 10.8 Fighting
 - Level 2.0(6.2) Axes
 + Level 9.4(9.5) Maces & Flails
 + Level 9.5 Throwing
 + Level 9.5 Armour
 + Level 9.6 Dodging
 - Level 5.0 Stealth
 - Level 8.0 Invocations
 + Level 10.2 Evocations


You had 13 spell levels left.
You didn't know any spells.
Your spell library contained the following spells:

 Spells                   Type           Power      Damage    Failure   Level
 Beastly Appendage        Tmut           0%         N/A       34%         1
 Foxfire                  Conj/Fire      0%         2x1d4     34%         1
 Blink                    Tloc           0%         N/A       45%         2
 Lesser Beckoning         Tloc           0%         N/A       45%         2
 Momentum Strike          Conj/Tloc      0%         3d8       45%         2
 Sublimation of Blood     Necr           0%         N/A       45%         2
 Wereblood                Tmut           0%         N/A       45%         2
 Spider Form              Tmut/Pois      0%         N/A       71%         3
 Vhi's Electric Charge    Tloc/Air       0%         N/A       71%         3
 Airstrike                Air            0%         2d(0-16)  98%         4
 Animate Armour           Summ/Erth      0%         N/A       98%         4
 Petrify                  Tmut/Erth      0%         N/A       98%         4
 Summon Lightning Spire   Summ/Air       0%         N/A       98%         4
 Arcjolt                  Conj/Air       0%         1d10      100%        5
 Blade Hands              Tmut           0%         N/A       100%        5
 Fireball                 Conj/Fire      0%         3d3       100%        5
 Irradiate                Conj/Tmut      0%         3d11      100%        5
 Lightning Bolt           Conj/Air       0%         1d11      100%        5
 Iron Shot                Conj/Erth      0%         9d1       100%        6
 Starburst                Conj/Fire      0%         6d3       100%        6
 Storm Form               Tmut/Air       0%         N/A       100%        7
 Maxwell's Capacitive Co  Air            0%         ∞         100%        8


Dungeon Overview and Level Annotations

Branches:
Dungeon (11/15)            Temple (1/1) D:5            Lair (4/5) D:11
  Swamp (0/4) Lair:3        Snake (0/4) Lair:2          Orc (0/2) D:11
  Slime: Lair:4-5

Altars:
Ashenzari
Dithmenos
Fedhas
Hepliaklqana
Kikubaaqudgha
Qazlal
Ru
Sif Muna
Trog
Xom
Yredelemnul

Shops:
D:4 (   D:5 (

Annotations:
Lair:4 Newt's ghost, journeyman DsGl


Innate Abilities, Weirdness & Mutations

Your life essence is reduced to manifest your ancestor. (-10% HP)
You are partially covered in rugged brown scales. (AC +1, +3% HP)
You regenerate health from kills.
You regenerate magic rapidly.
You have a sharp stinger which inflicts weakening toxins.


Message History

Newt's ghost hits you.
You hear a croak.
You hit Newt's ghost but do no damage.
Newt's ghost is moderately damaged.
Newt's ghost hits you but does no damage.
You completely miss Newt's ghost.
Newt's ghost is lightly damaged.
Newt's ghost misses you.
Press: ? - help, v - describe, . - travel The floor.
Newt's ghost attacks as you move away! Newt's ghost hits you!!
* * * LOW HITPOINT WARNING * * *
You hear a bleat!
You hear a bleat!
You hear a croak.
You hear a bleat! x2
You hear a croak.
Newt's ghost attacks as you move away! Newt's ghost barely misses you.
Stanko is still trapped in memory!
The dream sheep bleats!
Newt's ghost attacks as you move away! Newt's ghost closely misses you.
Newt's ghost attacks as you move away! Newt's ghost misses you.
There is a stone staircase leading down here.
Newt's ghost attacks as you move away! Newt's ghost closely misses you.
Newt's ghost attacks as you move away! Newt's ghost closely misses you.
Newt's ghost whispers, "Trust me.
Just give in."
There is a stone staircase leading down here.
Newt's ghost attacks as you move away! Newt's ghost hits you!
* * * LOW HITPOINT WARNING * * *
Newt's ghost hits you. Newt's ghost hits you!!
* * * LOW HITPOINT WARNING * * *
Newt's ghost attacks as you move away! Newt's ghost hits you!
* * * LOW HITPOINT WARNING * * *
As you read the scroll labelled WUKESH USSI, it crumbles to dust.
You feel strangely unstable.
It was a scroll of teleportation.
Newt's ghost hits you!
* * * LOW HITPOINT WARNING * * *
Newt's ghost attacks as you move away! Newt's ghost barely misses you.
Newt's ghost attacks as you move away! Newt's ghost hits you!
You die...

#....#...###.....##..####.......
##....#..# ##...###..#..........
##....##..####...# #.............
###...###...#....###....##.......
###...#....###...##....##........
#.........##....##....###.......
##...#.#.#.##....###..##........
#.....##.###..W########........
###....######...@.##..P###.......
.................................
......>..........................
.........[......................~
...............................≈~
......#.......................~~~
..........##..................≈≈≈
.............................~≈≈≈
......#####..................~≈≈≈


You could see Newt's ghost.

Vanquished Creatures
  A dire elephant (Lair:2)
  Erolcha (D:11)
  An anaconda (Lair:2)
  Erica (D:8)
  2 boulder beetles
  3 two-headed ogres
  Urug (Lair:3)
  5 death yaks
  The ghost of bmack86 the Chopper, a novice MiFi of Okawaru (D:7)
  3 oklob plants (D:11)
  A manticore (D:11)
  Maurice (D:9)
  21 elephants
  The ghost of blahman3 the Skirmisher, a novice MiHu (D:5)
  4 black mambas
  3 torpor snails
  4 cane toads
  A kobold demonologist (D:10)
  3 komodo dragons
  2 trolls
  2 hornets
  2 polar bears
  2 blink frogs (Lair:3)
  5 dream sheep
  6 slime creatures
  A wraith (D:11)
  4 wyverns
  2 basilisks (Lair:2)
  33 yaks
  A steam dragon (Lair:2)
  A vampire mosquito (D:10)
  3 nagas (Lair:2)
  6 water moccasins
  6 ice beasts
  3 orc warriors
  2 sky beasts (D:7)
  5 black bears
  4 ogres
  3 wolves
  4 centaurs
  A phantom (D:5)
  A komodo dragon zombie (Lair:4)
  8 kobold brigands
  14 bullfrogs
  A wyvern zombie (D:5)
  3 necrophages
  A gnoll sergeant (D:11)
  3 scorpions
  14 wights
  A water moccasin skeleton (D:5)
  6 killer bees
  7 howler monkeys
  6 electric eels
  4 hounds
  3 jellies
  An orc priest (D:8)
  Jessica (D:3)
  2 basilisk zombies (Lair:4)
  2 iguanas
  7 orc wizards
  Robin (D:4)
  4 gnolls (D:4)
  9 adders
  A shadow imp (D:7)
  2 white imps
  An ufetubus (D:3)
  4 dart slugs
  28 orcs
  2 bats
  9 endoplasms
  6 giant cockroaches
  14 goblins
  15 hobgoblins
  3 quokkas
  4 ball pythons
  2 frilled lizards
  35 kobolds
  7 rats
388 creatures vanquished.

Vanquished Creatures (collateral kills)
  Gastronok (Lair:3)
  A dire elephant (Lair:2)
  Snorg (D:11)
  An anaconda (Lair:2)
  A boulder beetle (D:11)
  2 death yaks
  Nergalle (D:11)
  A necromancer (Lair:4)
  An oklob plant (Lair:3)
  A manticore (D:11)
  8 elephants
  A black mamba (Lair:2)
  3 cane toads
  An unseen horror (D:11)
  2 rime drakes
  A blink frog (Lair:3)
  4 dream sheep
  A hornet (Lair:2)
  A slime creature (D:10)
  A shadow (D:10)
  A wraith (D:9)
  5 yaks
  A vampire mosquito (D:10)
  2 steam dragons
  3 water moccasins
  3 ogres (D:7)
  2 elephant zombies (Lair:4)
  2 wolves (Lair:2)
  A phantom (D:5)
  A kobold brigand (D:11)
  A bullfrog (Lair:4)
  6 wights
  3 killer bees
  An orc priest (D:9)
  A gnoll (D:11)
  3 orcs
70 creatures vanquished.

Vanquished Creatures (others)
  3 ancestors (D:8)
  8 battlemagi
  24 fungi
  75 plants
110 creatures vanquished.

Grand Total: 568 creatures vanquished

Notes
Turn   | Place    | Note
-------+----------+-------------------------------------------
     0 | D:5      | flotson the Demonspawn Delver began the quest for the Orb.
     0 | D:5      | Reached XP level 1. HP: 18/18 MP: 1/1
    17 | D:5      | Noticed an orc wizard
    19 | D:4      | Identified the +1 helmet of Voshrast {rF+ rC+ rN+ Slay+2}
    19 | D:4      | Noticed Robin
    51 | D:3      | Identified the +1 leather armour of Card Tricks {rElec
                  | rPois rC+ Str+3}
   107 | D:4      | Noticed a howler monkey
   138 | D:3      | Gained mutation: You have a small tail. [demonic ancestry]
   138 | D:3      | Reached XP level 2. HP: 3/24 MP: 2/2
   461 | D:3      | Gained mutation: You regenerate magic rapidly. [demonic
                  | ancestry]
   461 | D:3      | Reached XP level 3. HP: 29/29 MP: 3/3
   477 | D:3      | Found a broken altar of Ashenzari.
   477 | D:3      | Noticed Jessica
   480 | D:3      | Killed Jessica
   481 | D:3      | Reached skill level 1 in Evocations
   487 | D:3      | Reached skill level 1 in Armour
   617 | D:2      | Reached skill level 1 in Throwing
   709 | D:2      | Found the +6 shillelagh "Devastator" {shatter}
   724 | D:2      | Reached XP level 4. HP: 35/35 MP: 4/4
  2146 | D:3      | Gained mutation: You regenerate a little health from kills.
                  | [demonic ancestry]
  2146 | D:3      | Reached XP level 5. HP: 41/41 MP: 5/5
  2456 | D:4      | Killed Robin
  2457 | D:4      | Reached skill level 5 in Stealth
  2462 | D:4      | Reached skill level 1 in Maces & Flails
  2526 | D:4      | Found Soffite's Weapon Boutique.
  2547 | D:4      | Noticed an ogre
  2551 | D:4      | Killed an ogre
  2552 | D:4      | Gained mutation: You regenerate health from kills. [demonic
                  | ancestry]
  2552 | D:4      | Reached XP level 6. HP: 48/48 MP: 6/6
  2737 | D:4      | Reached XP level 7. HP: 54/54 MP: 7/7
  3028 | D:5      | Found a blossoming altar of Fedhas.
  3067 | D:5      | Found Atipyjexe's Antique Weapon Shop.
  3208 | D:5      | Found a transporter.
  3211 | D:5      | Noticed blahman3's ghost (novice MiHu)
  3307 | D:5      | Found a staircase to the Ecumenical Temple.
  3327 | Temple   | Entered the Ecumenical Temple
  3354 | Temple   | Became a worshipper of Hepliaklqana the Forgotten
  3383 | D:5      | Reached skill level 1 in Invocations
  3410 | D:5      | Reached XP level 8. HP: 61/61 MP: 7/9
  3686 | D:5      | Found a transporter.
  3807 | D:6      | Reached skill level 5 in Fighting
  4659 | D:7      | Gained mutation: You are partially covered in rugged brown
                  | scales. (AC +1, +3% HP) [demonic ancestry]
  4659 | D:7      | Reached XP level 9. HP: 63/70 MP: 11/11
  5032 | D:7      | Reached * piety under Hepliaklqana
  5032 | D:7      | Noticed bmack86's ghost (novice MiFi)
  5033 | D:7      | Found a transporter.
  5034 | D:7      | Identified the +4 giant spiked club of Conflict {drain,
                  | Str+4 Int+5 Dex-2}
  5035 | D:7      | Found a transporter.
  5148 | D:7      | Found an ancient bone altar of Kikubaaqudgha.
  5330 | D:7      | Found a sacrificial altar of Ru.
  5460 | D:8      | Reached skill level 5 in Dodging
  5462 | D:8      | Reached skill level 5 in Invocations
  5462 | D:8      | Reached skill level 5 in Evocations
  5507 | D:8      | Reached XP level 10. HP: 71/71 MP: 14/14
  5612 | D:8      | Identified the +0 pair of gloves of Lust {rC++ Dex+4}
  5667 | D:8      | Reached skill level 5 in Throwing
  5741 | D:8      | Found a shimmering blue altar of Sif Muna.
  5742 | D:8      | Found a basalt altar of Yredelemnul.
  5781 | D:8      | Reached skill level 5 in Armour
  5825 | D:8      | Noticed a two-headed ogre
  5984 | D:8      | Killed a two-headed ogre
  5985 | D:8      | Reached skill level 5 in Maces & Flails
  6004 | D:8      | Noticed Erica
  6015 | D:8      | Killed Erica
  6578 | D:8      | Reached ** piety under Hepliaklqana
  6579 | D:8      | Remembered your ancestor Stanko as a battlemage
  6765 | D:9      | Noticed Maurice
  6778 | D:9      | Killed Maurice
  7007 | D:9      | Noticed a two-headed ogre
  7071 | D:9      | Killed a two-headed ogre
  7072 | D:9      | Reached XP level 11. HP: 58/78 MP: 16/16
  7450 | D:10     | Entered Level 10 of the Dungeon
  7873 | D:10     | Reached *** piety under Hepliaklqana
  8008 | D:10     | Found a shadowy altar of Dithmenos.
  8284 | D:7      | Killed bmack86's ghost
  8406 | D:5      | Killed blahman3's ghost
  8550 | D:11     | Noticed Snorg
  8561 | D:11     | Killed Snorg
  8623 | D:11     | Noticed a two-headed ogre
  8627 | D:11     | Noticed a boulder beetle
  8629 | D:11     | Killed a two-headed ogre
  8639 | D:11     | Killed a boulder beetle
  8906 | D:11     | Noticed a boulder beetle
  8907 | D:11     | Noticed an oklob plant
  9263 | D:11     | Noticed Nergalle
  9272 | D:11     | Killed Nergalle
  9325 | D:11     | Noticed Erolcha
  9333 | D:11     | Killed Erolcha
  9334 | D:11     | Gained mutation: You have a tail ending in a sharp stinger.
                  | [demonic ancestry]
  9334 | D:11     | Reached XP level 12. HP: 87/87 MP: 18/18
  9398 | D:11     | Killed a boulder beetle
  9632 | D:11     | Found a staircase to the Orcish Mines.
  9786 | D:11     | Found a staircase to the Lair.
 10137 | Lair:1   | Entered Level 1 of the Lair of Beasts
 10137 | Lair:1   | Reached **** piety under Hepliaklqana
 10904 | Lair:2   | Found a staircase to the Snake Pit.
 11155 | Lair:2   | Noticed an anaconda
 11156 | Lair:2   | Gained mutation: You have a sharp stinger which inflicts
                  | weakening toxins. [demonic ancestry]
 11156 | Lair:2   | Reached XP level 13. HP: 93/93 MP: 19/19
 11161 | Lair:2   | Noticed a dire elephant
 11533 | Lair:2   | Killed a dire elephant
 11884 | Lair:2   | Reached ***** piety under Hepliaklqana
 11884 | Lair:2   | Noticed a dire elephant
 11901 | Lair:2   | Killed a dire elephant
 12070 | Lair:3   | Noticed Gastronok
 12076 | Lair:3   | Noticed Urug
 12080 | Lair:3   | Killed Gastronok
 12086 | Lair:3   | Killed Urug
 12087 | Lair:3   | Reached skill level 10 in Fighting
 12721 | Lair:3   | Found a staircase to the Swamp.
 13326 | Lair:4   | Reached XP level 14. HP: 97/103 MP: 17/20
 13377 | Lair:4   | Reached skill level 10 in Evocations
 13411 | Lair:4   | Found a transporter.
 13413 | Lair:4   | Noticed Newt's ghost (journeyman DsGl)
 13428 | Lair:4   | Found a transporter.
 14194 | Lair:4   | HP: 5/103 [Newt's ghost (12)]
 14196 | Lair:4   | HP: 2/103 [Newt's ghost (5)]
 14199 | Lair:4   | Slain by Newt's ghost

Illustrated notes

Levels and vault maps discovered:
D:1:      ncdulo_smallfort, layout_loops_ring
D:2:      minmay_general_purpose_star, layout_loops_corners, st_stairs_1
D:3:      layout_loops_ring, mainiacjoe_overflow_tiny_flanked, zin_statuary,
          uniq_jessica
D:4:      layout_basic, serial_shops, nicolae_inconvenience_store, uniq_robin
D:5:      layout_cave_pods, kennysheep_mini, minmay_temple_entry_glassed_door,
          gammafunk_ghost_mausoleum, kennysheep_windowed_goal
D:6:      kennysheep_kobold_camp, layout_basic
D:7:      layout_basic, lemuel_coloured_pillars_altar,
          nicolae_overflow_hidden_temple, gammafunk_ghost_smash
D:8:      layout_loops_ring, gammafunk_temple_overflow_pools, uniq_erica
D:9:      layout_roguey, serial_bayou_lagoon_b, uniq_maurice
D:10:     layout_gridville, grunt_dithmenos_shadows
D:11:     layout_cave_pods, dpeg_oklobed_lair,
          kennysheep_orc_monster_closet_entryway, uniq_snorg, uniq_nergalle,
          uniq_erolcha
Temple:   nicolae_temple_superstar
Lair:1:   layout_long_grid
Lair:2:   layout_loops_ring, guppyfry_snake_entry_garden,
          nicolae_lair_lakeside_cave
Lair:3:   layout_chaotic_city, swamp_mist, lemuel_fruit_tree,
          grunt_megastairs_1, uniq_urug, uniq_gastronok
Lair:4:   pond_and_an_island_with_a_cottage, layout_regular_city,
          gammafunk_ghost_berserking_beasts, st_stairs_7, beast_lair_carwin_6

Skill      XL: |  1  2  3  4  5  6  7  8  9 10 11 12 13 14 |
---------------+-------------------------------------------+-----
Dodging        | 2 3 4 5 6 7 8 9 |  9.6
Axes           | 2 |  2.0
Evocations     | 1 2 3 4 5 6 7 8 9 10 | 10.2
Armour         | 1 2 3 4 5 6 8 9 |  9.5
Throwing       | 1 2 3 4 5 7 8 9 |  9.5
Stealth        | 5 |  5.0
Maces & Flails | 1 2 3 4 5 6 7 9 |  9.4
Fighting       | 4 5 6 7 8 9 10 | 10.8
Invocations    | 1 3 5 7 8 |  8.0

Action                   |  1- 3 |  4- 6 |  7- 9 | 10-12 | 13-15 || total
-------------------------+-------+-------+-------+-------+-------++-------
Melee: Hand axe          |    65 |       |       |       |       ||    65
       Tailslap          |     4 |     4 |    17 |    61 |    64 ||   150
       Punch             |     1 |       |       |     3 |     5 ||     9
       Shillelagh        |       |    89 |   132 |   312 |   275 ||   808
Throw: Boomerang         |     6 |       |       |     9 |     5 ||    20
       Dart              |       |       |       |     8 |     6 ||    14
Invok: Ancestor Life: Ba |       |       |       |     1 |       ||     1
       Recall Ancestor   |       |       |       |     1 |     1 ||     2
Evoke: Wand              |       |       |       |     1 |     3 ||     4
       Condenser vane    |       |       |       |     1 |       ||     1
  Use: Potion            |     1 |       |       |       |     1 ||     2
       Scroll            |       |       |       |       |    12 ||    12
 Stab: Sleeping          |     3 |    11 |     5 |     7 |       ||    26
       Distracted        |       |     1 |       |     9 |     9 ||    19
Armor: Leather armour    |    18 |    16 |    38 |    56 |    55 ||   183
Dodge: Dodged            |    55 |    62 |   120 |   245 |   244 ||   726

Table legend: (Time is in decaauts)
 A = Elapsed time spent in this place.
 B = Non-inter-level travel time spent in this place.
 C = Inter-level travel time spent in this place.
 D = Time resting spent in this place.
 E = Time spent auto-exploring this place.
 F = Levels seen in this place.
 G = Mean time per level.
                   A        B        C        D        E       F      G
               +--------+--------+--------+--------+--------+-----+--------+
         Total |  14204 |  13460 |    744 |    586 |  10103 |  16 |  887.8 |
       Dungeon |  10151 |   9545 |    606 |    403 |   7169 |  11 |  922.8 |
        Temple |     38 |     27 |     11 |      0 |      2 |   1 |   38.0 |
          Lair |   4014 |   3887 |    127 |    183 |   2932 |   4 | 1003.5 |
               +--------+--------+--------+--------+--------+-----+--------+

Top non-repeatable levels by time:
    D:11: 1590 daAuts
  Lair:3: 1253 daAuts
     D:7: 1200 daAuts
  Lair:2: 999 daAuts
     D:8: 969 daAuts
     D:6: 961 daAuts
  Lair:1: 889 daAuts
     D:9: 887 daAuts
     D:2: 884 daAuts
  Lair:4: 871 daAuts
     D:5: 811 daAuts
     D:3: 785 daAuts
    D:10: 775 daAuts
     D:4: 701 daAuts
     D:1: 582 daAuts
